 Dungeon Crawl Stone Soup version 0.18.1-48-g4cf74bf (webtiles) character file.

1259 PositiveJam the Shield-Bearer (level 8, -8/70 HPs)
             Began as a Minotaur Fighter on Sept 2, 2016.
             Was an Initiate of Okawaru.
             Killed from afar by a decayed bog body (16 damage)
             ... with a puff of frost
             ... in an ossuary.
             The game lasted 00:23:30 (5695 turns).

PositiveJam the Shield-Bearer (Minotaur Fighter)    Turns: 5695, Time: 00:23:31

Health: -8/70      AC: 16    Str: 23    XL:     8   Next: 27%
Magic:  7/7        EV:  4    Int:  5    God:    Okawaru [......]
Gold:   263        SH: 16    Dex: 10    Spells: 0 memorised, 7 levels left

rFire  + + .     SeeInvis .     a - +0 long sword
rCold  x . .     Gourm    .     m - +0 plate armour
rNeg   . . .     Faith    .     o - +0 large shield
rPois  .         Spirit   .     (helmet restricted)
rElec  .         Dismiss  .     t - +2 cloak {MR+}
rCorr  .         Reflect  .     (no gloves)
SustAt .         Harm     .     (no boots)
MR     +....                    (no amulet)
Stlth  ..........               E - ring of protection from fire
                                r - ring of fire

@: somewhat resistant to hostile enchantments, extremely unstealthy
A: retaliatory headbutt, horns 2
a: Renounce Religion


You were in an ossuary.
You worshipped Okawaru.
Okawaru was noncommittal.
You were not hungry.

You visited 2 branches of the dungeon, and saw 7 of its levels.
You also visited: Ossuary.

You collected 263 gold pieces.

Inventory:

Hand Weapons
 a - a +0 long sword (weapon)
 k - a +0 rapier
 v - a +0 long sword
 C - a +1 flail of crushing
Armour
 b - a +0 scale mail
 c - a +0 shield
 m - a +0 plate armour (worn)
 o - a +0 large shield (worn)
 t - a +2 cloak of magic resistance (worn)
Jewellery
 r - a ring of fire (left hand)
 u - an uncursed ring of magical power
 E - a ring of protection from fire (right hand)
Wands
 q - a wand of flame (23/48)
 F - a wand of teleportation (3/9)
 G - a wand of lightning (5/15)
Scrolls
 d - a scroll of fog {unknown}
 e - 9 scrolls of identify
 g - a scroll of enchant weapon {unknown}
 h - a scroll of noise {unknown}
 i - 6 scrolls of remove curse
 l - 2 scrolls of magic mapping {unknown}
 x - 2 scrolls of blinking {unknown}
 y - a scroll of teleportation {unknown}
 D - 2 scrolls of immolation {unknown}
Potions
 s - a potion of curing {unknown}
 w - a potion of agility {unknown}
 z - a potion of heal wounds {unknown}
 A - a potion of mutation {unknown}
 B - 2 potions of cure mutation {unknown}
Comestibles
 f - 3 bread rations
 j - a fruit
 n - 2 meat rations
 p - 2 beef jerkies
 H - a royal jelly


   Skills:
 + Level 6.3 Fighting
 + Level 5.8 Long Blades
 + Level 6.8 Armour
 + Level 1.5 Dodging
 - Level 0.3 Stealth
 + Level 7.9 Shields


You had 7 spell levels left.
You didn't know any spells.

Dungeon Overview and Level Annotations

Branches:
Dungeon (6/15)             Temple (1/1) D:4

Altars:
Ashenzari
Cheibriados
Dithmenos
Elyvilon
Gozag
Makhleb
Nemelex Xobeh
Okawaru
Pakellas
Qazlal
Ru
Sif Muna
Trog
Vehumet
Xom
Yredelemnul
Zin
The Shining One

Shops:
D:5 =

Annotations:
D:3 appiemonkey's ghost, amateur VSAs


Innate Abilities, Weirdness & Mutations

You reflexively headbutt those who attack you in melee.
You have a pair of horns on your head.


Message History

The decayed bog body points at you and mumbles some strange words.
You resist with almost no effort. The decayed bog body hits you!
* * * LOW HITPOINT WARNING * * *
The decayed bog body touches you but does no damage.
You enter the shallow water.
Moving in this stuff is going to be slow.
You block the decayed bog body's attack.
The decayed bog body barely misses you.
The decayed bog body points at you and mumbles some strange words.
The puff of frost hits you!
You feel a terrible chill!
* * * LOW HITPOINT WARNING * * *
You enter the shallow water.
Moving in this stuff is going to be slow.
You see here a bog body corpse.
You hit the decayed bog body but do no damage.
The decayed bog body is lightly damaged.
The decayed bog body casts a spell at you.
The puff of frost hits you!
You feel a terrible chill!
You die...

#.# #.' +.#
#.+
###.#####
#.'≈M.≈≈##
#####.###≈≈#
#∩..#≈.P≈≈≈#
#.∩@n.≈#≈#≈#
#...#...≈≈#
#####≈≈####
≈≈..≈ #.≈#≈≈
≈P#≈≈≈#
###≈#≈# ≈##≈


You could see a decayed bog body.

Vanquished Creatures
  Sigmund (D:2)
  Eustachio (D:5)
  Edmund (D:5)
  A phantom (D:4)
  A scorpion (D:4)
  A howler monkey (D:5)
  A crimson imp (D:5)
  2 bog bodies (Ossuary)
  3 jellies
  3 hounds (D:4)
  A giant frog skeleton (D:2)
  3 orc wizards
  A worker ant (D:6)
  A mummy (D:6)
  A howler monkey zombie (Ossuary)
  Robin (D:2)
  6 adders
  An ooze (D:1)
  An adder skeleton (D:4)
  2 worms (D:2)
  3 dart slugs
  4 giant geckos
  6 orcs
  5 giant cockroaches
  11 goblins
  11 hobgoblins
  13 jackals
  7 kobolds
  A quokka (D:4)
  2 ball pythons (D:3)
  8 bats
  5 giant newts
  A goblin zombie (D:6)
  A quokka skeleton (D:6)
  5 rats
116 creatures vanquished.

Vanquished Creatures (others)
  5 sheep (D:4)
5 creatures vanquished.

Grand Total: 121 creatures vanquished

Notes
Turn   | Place    | Note
--------------------------------------------------------------
     0 | D:1      | PositiveJam the Minotaur Fighter began the quest for the Orb.
     0 | D:1      | Reached XP level 1. HP: 19/19 MP: 0/0
   152 | D:1      | Reached XP level 2. HP: 13/27 MP: 1/1
   843 | D:2      | Found a basalt altar of Yredelemnul.
   843 | D:2      | Found a sparkling altar of Nemelex Xobeh.
   887 | D:2      | Noticed Robin
   894 | D:2      | Reached XP level 3. HP: 26/33 MP: 2/2
   899 | D:2      | Reached skill level 4 in Shields
   930 | D:2      | Killed Robin
  1139 | D:3      | Noticed appiemonkey's ghost (amateur VSAs)
  1156 | D:2      | Found a glowing silver altar of Zin.
  1213 | D:2      | Reached XP level 4. HP: 18/41 MP: 3/3
  1961 | D:2      | Noticed Sigmund
  1975 | D:2      | HP: 2/41 [poisoned by an adder]
  1981 | D:2      | HP: 1/41 [poisoned by an adder]
  2433 | D:2      | Reached skill level 1 in Dodging
  2433 | D:2      | Reached XP level 5. HP: 45/47 MP: 4/4
  2505 | D:2      | Killed Sigmund
  2505 | D:2      | Reached skill level 5 in Fighting
  2505 | D:2      | Reached skill level 5 in Armour
  2505 | D:2      | Reached skill level 5 in Shields
  2505 | D:2      | Reached XP level 6. HP: 32/56 MP: 5/5
  2837 | D:3      | You fall through a shaft for 2 floors!
  2837 | D:5      | Entered Level 5 of the Dungeon
  2837 | D:5      | Noticed Eustachio
  2943 | D:5      | Killed Eustachio
  3033 | D:4      | Found a shattered altar of Ashenzari.
  3050 | D:4      | Reached XP level 7. HP: 60/61 MP: 6/6
  3236 | D:4      | Reached skill level 6 in Shields
  4090 | D:4      | Found a radiant altar of Vehumet.
  4239 | D:4      | Found a shimmering altar of Xom.
  4378 | D:4      | Reached skill level 5 in Long Blades
  4519 | D:4      | Reached skill level 7 in Shields
  4658 | D:4      | Found a staircase to the Ecumenical Temple.
  4664 | Temple   | Entered the Ecumenical Temple
  4689 | Temple   | Became a worshipper of Warmaster Okawaru
  4852 | D:5      | Noticed Edmund
  4867 | D:5      | Killed Edmund
  4885 | D:5      | Found a shadowy altar of Dithmenos.
  4962 | D:5      | Reached XP level 8. HP: 70/70 MP: 7/7
  5486 | D:5      | Found Gani's Jewellery Emporium.
  5664 | D:6      | Found a sand-covered staircase.
  5671 | Ossuary  | Entered an ossuary
  5695 | Ossuary  | Killed from afar by a decayed bog body

Skill      XL: |  1  2  3  4  5  6  7 |
---------------+----------------------+-----
Fighting       | 4 5 6 |  6.3
Armour         | 4 5 6 |  6.8
Shields        | 4 5 7 |  7.9
Long Blades    | 3 4 5 |  5.8
Dodging        | 1 |  1.5
Stealth        | |  0.3

Action                   |  1- 3 |  4- 6 |  7- 9 || total
-------------------------+-------+-------+-------++-------
Melee: Long sword        |   100 |    98 |   198 ||   396
       Headbutt          |    24 |    16 |    48 ||    88
  Use: Potion            |       |     2 |       ||     2
       Scroll            |       |       |     1 ||     1
  Eat: Chunk             |     1 |     5 |     7 ||    13
       Fruit             |       |     1 |     2 ||     3
Armor: Scale mail        |    10 |       |       ||    10
       Plate armour      |    42 |    75 |    94 ||   211
Dodge: Dodged            |    23 |    40 |    18 ||    81
Block: Shield            |    55 |    78 |     9 ||   142
       Large shield      |       |       |   153 ||   153
